 Dungeon Crawl Stone Soup version 0.28-a0-631-g0446da8ef9 (webtiles) character file.

Game seed: 10430763161355995078

166 timneilson the Shield-Bearer (level 5, 0/33 HPs)
             Began as a Gargoyle Fighter on Oct 10, 2021.
             Killed from afar by an orc wizard (4 damage)
             ... with a puff of flame
             ... on level 3 of the Dungeon.
             The game lasted 00:04:20 (2344 turns).

timneilson the Shield-Bearer (Gargoyle Fighter)     Turns: 2344, Time: 00:04:20

Health: 0/33       AC: 11    Str: 20    XL:     5   Next: 47%
Magic:  5/5        EV: 10    Int:  9    God:
Gold:   142        SH:  4    Dex:  9    Spells: 4/4 levels left

rFire   . . .      SeeInvis .   a - +0 long sword
rCold   . . .      Faith    .   c - +0 buckler
rNeg    + . .      Spirit   .   b - +0 scale mail
rPois   ∞          Reflect  .   (no helmet)
rElec   +          Harm     .   (no cloak)
rCorr   .          Rampage  .   (no gloves)
Will    .....                   (no boots)
Stlth   ..........              (no amulet)
HPRegen 0.11/turn               (no ring)
MPRegen 0.09/turn               (no ring)

@: no status effects
A: sickness immunity, AC +4, negative energy resistance 1, electricity
resistance, torment resistance 1, petrification resistance
a: no special abilities


You were on level 3 of the Dungeon.
You visited 1 branch of the dungeon, and saw 3 of its levels.

You collected 142 gold pieces.

Inventory:

Hand Weapons
 a - a +0 long sword (weapon)
Armour
 b - a +0 scale mail (worn)
 c - a +0 buckler (worn)
Wands
 f - a wand of iceblast (8)
Scrolls
 i - a scroll of identify
Potions
 d - 2 potions of might
 e - a potion of heal wounds
 g - a potion of curing {unknown}
 h - a potion of flight {unknown}
 j - a potion of lignification {unknown}


   Skills:
 + Level 3.8 Fighting
 * Level 2.8 Long Blades
 * Level 4.3 Armour
 + Level 1.2 Dodging
 * Level 4.3 Shields


You had 4 spell levels left.
You didn't know any spells.
Your spell library was empty.

Dungeon Overview and Level Annotations

Branches:
Dungeon (3/15)

Altars:


Innate Abilities, Weirdness & Mutations

You are immune to sickness and miasma.
Your stone body is resilient. (AC +4)
You are immune to poison.
You resist negative energy. (rN+)
You are resistant to electric shocks. (rElec)
You are resistant to unholy torment.
You are immune to petrification.


Message History

The kobold shouts!
The bat barely misses you. The orc hits you with a +0 morningstar!
The orc hits you but does no damage. Something hits you but does no damage.
The bat hits you but does no damage.
Unknown command.
You closely miss something. The bat hits you but does no damage.
The bat closely misses you. The orc completely misses you.
The orc hits you with a +2 mace of protection.
The orc closely misses you. Something hits you but does no damage.
The orc hits you with a +0 morningstar.
You hit something. The orc hits you but does no damage.
The orc completely misses you. The bat closely misses you.
You hear some strange, mumbled words.
A magic dart appears from out of thin air!
The magic dart hits you but does no damage.
The orc misses you. You block the orc's attack.
The orc hits you with a +1 vorpal hand axe.
You closely miss something. The bat closely misses you.
Something hits you but does no damage. The orc closely misses you.
The orc barely misses you. The orc closely misses you.
You barely miss something. You block the bat's attack.
You hear some strange, mumbled words.
A puff of flame appears from out of thin air!
The puff of flame hits you but does no damage.
The orc hits you but does no damage. x2; The orc closely misses you.
You hear some strange, mumbled words.
A magic dart appears from out of thin air!
The magic dart hits you.
You closely miss something. The orc hits you with a +0 morningstar.
The orc misses you. The orc closely misses you.
The kobold hits you with a +0 dagger.
* * * LOW HITPOINT WARNING * * *
Something hits you but does no damage. The orc closely misses you.
Unknown command.
The orc hits you with a +1 vorpal hand axe.
* * * LOW HITPOINT WARNING * * *
x2 You hear some strange, mumbled words.
A puff of flame appears from out of thin air!
The puff of flame hits you.
You die...

##### ##...## . ##.....##
.. #.......#...
#..........
#########.......#
#...........K..#
#....###...@oob#.o
######..........{o.......
.......)..####...........
...<.....................
..##........###..........
.[#..#....#.# ##...##....
..#.##....#.# ##### ....
....##....#.# ...
##..........######


You could see 3 orcs, a bat and a kobold.

Vanquished Creatures
  2 orc priests (D:3)
  An orc wizard (D:3)
  2 adders
  3 worms
  A dart slug (D:3)
  4 orcs (D:3)
  3 endoplasms
  A giant cockroach (D:3)
  6 goblins
  6 hobgoblins
  3 jackals (D:2)
  2 kobolds
  A quokka (D:2)
  5 ball pythons
  3 bats
  3 frilled lizards
  5 rats
51 creatures vanquished.

Notes
Turn   | Place    | Note
-------+----------+-------------------------------------------
     0 | D:1      | timneilson the Gargoyle Fighter began the quest for the
                  | Orb.
     0 | D:1      | Reached XP level 1. HP: 14/14 MP: 1/1
   297 | D:1      | Reached XP level 2. HP: 17/19 MP: 2/2
   910 | D:2      | Reached XP level 3. HP: 16/23 MP: 3/3
  1537 | D:3      | Reached XP level 4. HP: 14/28 MP: 4/4
  1796 | D:3      | Reached skill level 1 in Dodging
  1995 | D:3      | Reached XP level 5. HP: 18/33 MP: 5/5
  2344 | D:3      | Killed from afar by an orc wizard

Illustrated notes

Levels and vault maps discovered:
D:1:      eino_arrival_cavern_a, layout_basic
D:2:      layout_rooms, chequers_decorated_corner
D:3:      layout_rooms, chequers_hall_statues_y

Skill      XL: |  1  2  3  4 |
---------------+-------------+-----
Long Blades    | 2 |  2.8
Armour         | 4 |  4.3
Shields        | 4 |  4.3
Dodging        | 1 |  1.2
Fighting       | |  3.8

Action                   |  1- 3 |  4- 6 || total
-------------------------+-------+-------++-------
Melee: Long sword        |   123 |    83 ||   206
  Use: Scroll            |     3 |       ||     3
       Potion            |       |     1 ||     1
Armor: Scale mail        |    58 |    72 ||   130
Dodge: Dodged            |    60 |    72 ||   132
Block: Buckler           |    28 |    14 ||    42

Table legend: (Time is in decaauts)
 A = Elapsed time spent in this place.
 B = Non-inter-level travel time spent in this place.
 C = Inter-level travel time spent in this place.
 D = Time resting spent in this place.
 E = Time spent auto-exploring this place.
 F = Levels seen in this place.
 G = Mean time per level.
                   A        B        C        D        E       F      G
               +--------+--------+--------+--------+--------+-----+--------+
         Total |   2403 |   2384 |     19 |      0 |   1857 |   3 |  801.0 |
       Dungeon |   2403 |   2384 |     19 |      0 |   1857 |   3 |  801.0 |
               +--------+--------+--------+--------+--------+-----+--------+

Top non-repeatable levels by time:
     D:3: 883 daAuts
     D:1: 877 daAuts
     D:2: 642 daAuts
